 Dungeon Crawl Stone Soup version 0.28-a0-773-g130ae17fe5 (webtiles) character file.

Game seed: 769506291232487028

7 spiderkeys the Skirmisher (level 1, -7/22 HPs)
             Began as a Troll Abyssal Knight on Nov 1, 2021.
             Was a Follower of Lugonu.
             Mangled by a sixfirhy (9 damage)
             ... on level 2 of the Abyss.
             The game lasted 00:00:27 (201 turns).

spiderkeys the Skirmisher (Troll Abyssal Knight)     Turns: 201, Time: 00:00:28

Health: -7/22      AC:  4    Str: 20    XL:     1   Next: 83%
Magic:  1/1        EV: 10    Int:  6    God:    Lugonu [*.....]
Gold:   0          SH:  0    Dex: 10    Spells: 0/0 levels left

rFire   . . .      SeeInvis .     - Unarmed
rCold   . . .      Faith    .   (no shield)
rNeg    . . .      Spirit   .   a - +0 robe
rPois   .          Reflect  .   (helmet restricted)
rElec   .          Harm     .   (no cloak)
rCorr   .          Rampage  .   (gloves unavailable)
Will    .....                   (boots unavailable)
Stlth   +.........              (no amulet)
HPRegen 1.07/turn               (no ring)
MPRegen 0.07/turn               (no ring)

@: no status effects
A: large, unfitting armour, claws 3, regeneration 1, shaggy fur 1, tough skin 1
a: Renounce Religion, Depart the Abyss


You were on level 2 of the Abyss.
You worshipped Lugonu.
Lugonu was aware of your devotion.
You visited 0 branches of the dungeon, and saw 0 of its levels.
You visited the Abyss 1 time.


Innate Abilities, Weirdness & Mutations

You are too large for most types of armour.
You have claws for hands.
Your natural rate of healing is unusually fast.
You are covered in fur. (AC +1)
You have tough skin. (AC +1)


   Skills:
 + Level 2.5 Fighting
 + Level 2.0 Dodging
 + Level 2.1 Unarmed Combat
 + Level 1.7 Invocations


You couldn't memorise any spells.
You didn't know any spells.
Your spell library contained the following spells:

 Spells                   Type           Power      Damage    Failure   Level
 Sting                    Tmut/Pois      0%         1d3       45%         1
 Poisonous Vapours        Pois/Air       0%         N/A       58%         2
 Olgreb's Toxic Radiance  Pois           0%         N/A       99%         4

Inventory:

Missiles
 b - 26 arrows
Armour
 a - a +0 robe (worn)
Wands
 c - a wand of acid (4)
   (You found it on level 2 of the Abyss)

Dungeon Overview and Level Annotations

Branches:
Dungeon (0/15)

Altars:

##. . # ..# ### .## #.#
#...#.# # ##.# #.#.# ..
..#######.#.... #
..#...#.#..#....# #.
#.###..#.#.#∩..#.
.##..##..#.....#.#.....
.......@####...#....#.#
........3..D###.# ##.
.##..##.#..#....# # #.
#.#....#... . ..
..#.##D..#.. .. ...#..
.... .. . .##.#..
........ .. #...#....#.
.. ...#..##....


You could see a bone dragon, a quicksilver dragon and a sixfirhy.


Message History

🤖 Initializing magus.rc ... ✅ Successfully initialized magus.rc [v1.9.10] Welcome, spiderkeys the Troll Abyssal Knight.
The fabled Orb of Zot lies far below, as if waiting for you to find it.
Lugonu says: Depart the Abyss and spread corruption, my servant! (use the ability menu to exit the Abyss) Press ? for a list of commands and other information.
Found a corrupted altar of Lugonu.
Found a gateway leading deeper into the Abyss.
There is a gateway leading deeper into the Abyss here.
You plunge deeper into the Abyss.
Found a gateway leading out of the Abyss.
You pick up a Young Poisoner's Handbook and begin reading...
You add the spells Sting, Poisonous Vapours and Olgreb's Toxic Radiance to your library.
Unknown command.
You are suddenly pulled into a different region of the Abyss!
b - 26 arrows A bone dragon comes into view.
c - a wand of acid (7)
Found a gateway leading out of the Abyss.
A white imp comes into view.
The white imp shouts, "Turn tail, thou dissembling flat-headed mule!"
Aiming: Corrosive Bolt
Press: ? - help, Shift-Dir - straight line, f - white imp
Aim: a white imp (71% to hit)
The bolt of acid hits the white imp.
Aiming: Corrosive Bolt
Press: ? - help, Shift-Dir - straight line, f/p - white imp
Aim: a white imp (heavily wounded, 71% to hit)
The bolt of acid hits the white imp!
The acid corrodes the white imp!
You kill the white imp!
Your Dodging skill increases to level 2!
A sixfirhy comes into view.
A quicksilver dragon comes into view.
The sixfirhy closely misses you. x2
The quicksilver dragon roars deafeningly!
The sixfirhy hits you! The sixfirhy shocks you!
Ouch! That really hurt!
* * * LOW HITPOINT WARNING * * *
😱 HP[-21]
You take 21 damage, and now have 1/22 hp.
MASSIVE DAMAGE!! (PAUSE)
Aiming: Corrosive Bolt
Press: ? - help, Shift-Dir - straight line, f - sixfirhy
Aim: a sixfirhy (38% to hit)
The bolt of acid misses the sixfirhy.
The sixfirhy hits you!
You die...

Skill      XL: |  1 |
---------------+----+-----
Dodging        | 2 |  2.0
Fighting       | |  2.5
Unarmed Combat | |  2.1
Invocations    | |  1.7

Action                   || total
-------------------------++-------
Evoke: Wand              ||     3
Dodge: Dodged            ||     2

Levels and vault maps discovered:
Abyss:2:  base: Temple, minivault_4

Notes
Turn   | Place    | Note
-------+----------+-------------------------------------------
     0 | Abyss:1  | spiderkeys the Troll Abyssal Knight began the quest for the
                  | Orb.
     0 | Abyss:1  | Reached XP level 1. HP: 22/22 MP: 1/1
     0 | Abyss:1  | magus.rc [v1.9.10]
    63 | Abyss:2  | You add the spells Sting, Poisonous Vapours and Olgreb's
                  | Toxic Radiance to your library.
   180 | Abyss:2  | Noticed a bone dragon
   196 | Abyss:2  | Reached skill level 2 in Dodging
   196 | Abyss:2  | Noticed a sixfirhy
   196 | Abyss:2  | Noticed a quicksilver dragon
   200 | Abyss:2  | HP: 1/22 [sixfirhy (11)]
   201 | Abyss:2  | Mangled by a sixfirhy

Vanquished Creatures
  A white imp (Abyss:2)
1 creature vanquished.

Table legend:
 A = Non-vault XP
 B = Vault XP
 C = Vault XP percentage of total XP
 D = Non-vault monster count
 E = Vault monster count
 F = Vault count percentage of total count
                 A         B        C        D         E       F
            +---------+---------+-------+---------+---------+-------
      Total |      10 |       0 |   0.0 |       1 |       0 |   0.0
            +---------+---------+-------+---------+---------+-------
    Abyss:2 |      10 |       0 |   0.0 |       1 |       0 |   0.0
            +---------+---------+-------+---------+---------+-------

Illustrated notes

Table legend:
 A = Kills in this place as a percentage of kills in entire the game.
 B = Kills by you in this place as a percentage of kills by you in the entire game.
 C = Kills by friends in this place as a percentage of kills by friends in the entire game.
 D = Other kills in this place as a percentage of other kills in the entire game.
 E = Experience gained in this place as a percentage of experience gained in the entire game.
 F = Experience gained in this place divided by the number of levels of this place that you have seen.
                   A       B       C       D       E      F
               +-------+-------+-------+-------+-------+----------------------
         Total | 100.0 | 100.0 |   N/A |   N/A | 100.0 |   5.0
         Abyss | 100.0 | 100.0 |   N/A |   N/A | 100.0 |   5.0
               +-------+-------+-------+-------+-------+----------------------

Table legend: (Time is in decaauts)
 A = Elapsed time spent in this place.
 B = Non-inter-level travel time spent in this place.
 C = Inter-level travel time spent in this place.
 D = Time resting spent in this place.
 E = Time spent auto-exploring this place.
 F = Levels seen in this place.
 G = Mean time per level.
                   A        B        C        D        E       F      G
               +--------+--------+--------+--------+--------+-----+--------+
         Total |    200 |    200 |      0 |      0 |    157 |   2 |  100.0 |
         Abyss |    200 |    200 |      0 |      0 |    157 |   2 |  100.0 |
               +--------+--------+--------+--------+--------+-----+--------+

Top non-repeatable levels by time:
 Abyss:2: 182 daAuts
 Abyss:1: 18 daAuts
